AoeStats
← [GDL] Maldito Pantoja

Arabia

503211087Analyzed
4v4 RM · 1mo ago on Aug 30, 2026· 25m 51s· 8 players
Game mode
Random Map
Map size
Large (8 player)
Population
200
Speed
Normal
Resources
Standard
Victory
Conquest
Starting age
Dark Age
Ending age
Imperial Age
RankedLock teamsTeams togetherTeam positionsShared explorationLock speedFull tech treeHidden civsTurbo modeCheats
Victory
Defeat
🇮🇱 Khmer · Israel
1338
+13
🇲🇽 Saracens · Mexico
1301
+15
🇲🇩 Poles · Moldova
1260
+17
🇹🇷 Khmer · Türkiye
1239
+18
🇬🇧 Sicilians · United Kingdom
1311
-17
🇬🇧 Huns · United Kingdom
1293
-16
🇬🇧 Maya · United Kingdom
1268
-15
🇬🇧 Britons · United Kingdom
1219
-13
[GDL] Maldito Pantoja
7:17 Loom
10:26 Feudal Age
15:13 Fletching
16:21 Padded Archer Armor
24:23 Castle Age
23:10 Double-Bit Axe
24:24 Crossbowman
25:00 Bodkin Arrow
tower rusher = kys
6:27 Loom
9:17 Feudal Age
10:09 Double-Bit Axe
15:37 Horse Collar
18:05 Forging
18:42 Bloodlines
18:58 Scale Barding Armor
24:07 Castle Age
25:18 Wheelbarrow
24:13 Light Cavalry
24:55 Husbandry
25:30 Heavy Plow
26:19 Chain Barding Armor
26:34 Iron Casting
BlackStone
4:47 Loom
9:53 Feudal Age
10:50 Double-Bit Axe
17:19 Padded Archer Armor
19:17 Fletching
24:50 Castle Age
23:32 Horse Collar
24:54 Crossbowman
25:37 Gold Mining
26:01 Bow Saw
Wavelogic
9:11 Feudal Age
7:28 Loom
9:48 Double-Bit Axe
10:12 Horse Collar
20:30 Castle Age
19:27 Bloodlines
19:20 Gold Mining
20:39 Scale Barding Armor
20:44 Forging
21:26 Husbandry
21:20 Town Watch
23:29 Husbandry
David
0:26 Loom
9:36 Feudal Age
10:44 Double-Bit Axe
16:44 Fletching
21:25 Padded Archer Armor
27:00 Castle Age
Venko
9:56 Feudal Age
11:56 Double-Bit Axe
12:48 Loom
20:32 Padded Archer Armor
RAD
6:46 Loom
9:32 Feudal Age
10:04 Double-Bit Axe
16:59 Horse Collar
18:31 Scale Barding Armor
18:37 Forging
24:11 Bloodlines
26:03 Castle Age
waluwewe
6:57 Loom
9:41 Feudal Age
11:41 Double-Bit Axe
11:38 Horse Collar
18:31 Scale Barding Armor
23:14 Bloodlines
23:17 Forging
24:34 Wheelbarrow
27:16 Castle Age
Connection lost

Rejoining the realm…

Still unreachable

The connection could not be restored.

Session expired

The server has moved on; the page needs a fresh start.